 Dungeon Crawl Stone Soup version 0.17-a0-1528-gfee3901 (webtiles) character file.

34 Pandaemon the Firebug (level 3, 0/27 HPs)
             Began as a Draconian Fire Elementalist on July 16, 2015.
             Slain by Terence
             ... wielding a +3 flail of draining
              (1 damage)
             ... on level 2 of the Dungeon.
             The game lasted 00:12:38 (1368 turns).

Pandaemon the Firebug (Draconian Fire Elementalist) Turns: 1368, Time: 00:12:40

Health: 0/27       AC:  6    Str: 10    XL:     3   Next: 14%
Magic:  1/6        EV: 11    Int: 16    God:
Gold:   84         SH:  0    Dex: 11    Spells: 2 memorised, 3 levels left

rFire  . . .     SeeInvis .     j - +0 mace
rCold  . . .     Clarity  .     (armour unavailable)
rNeg   . . .     SustAt   .     (no shield)
rPois  +         Gourm    .     (helmet restricted)
rElec  .         Spirit   .     (no cloak)
rCorr  .         Warding  .     (no gloves)
rMut   .         Stasis   .     l - +0 pair of boots
MR     .....                    c - amulet of regeneration
Stlth  +.........               (no ring)
                                h - ring of poison resistance

@: lethally poisoned (0 -> -1), very slightly contaminated, drained, not
resistant to hostile enchantments, very unstealthy
A: unfitting armour, cold-blooded, AC +5
a: no special abilities


You were on level 2 of the Dungeon.
You were not hungry.

You visited 1 branch of the dungeon, and saw 2 of its levels.

You collected 84 gold pieces.

Inventory:

Hand weapons
 j - a +0 mace (weapon)
 m - a +0 hunting sling
Missiles
 e - 10 arrows of flame
 f - 18 bolts
 g - 102 stones (quivered)
Armour
 i - a +1 helmet of intelligence
 k - a +0 ring mail
 l - a +0 pair of boots (worn)
 n - a +0 ring mail
 o - a +0 leather armour
Jewellery
 c - an amulet of regeneration (around neck)
 h - a ring of poison resistance (left hand)
 p - an uncursed ring of teleportation
 q - an uncursed amulet of resist corrosion
Scrolls
 r - a scroll of amnesia {unknown}
 s - a scroll of identify
Books
 a - a book of Flames

   Spells                             Type                      Level
   a - Flame Tongue                   Conjuration/Fire             1
   b - Throw Flame                    Conjuration/Fire             2
   c - Conjure Flame                  Conjuration/Fire             3
   d - Inner Flame                    Hexes/Fire                   3
   e - Sticky Flame                   Conjuration/Fire             4
   f - Fireball                       Conjuration/Fire             5
Comestibles
 b - 3 bread rations
 d - a meat ration


   Skills:
 * Level 0.4(0.0) Fighting
 * Level 0.4(0.0) Maces & Flails
 + Level 2.1(1.1) Dodging
 + Level 1.9(0.9) Stealth
 * Level 2.3(1.3) Spellcasting
 * Level 1.2(0.2) Conjurations
 * Level 3.4(2.3) Fire Magic


You had 3 spell levels left.
You knew the following spells:

 Your Spells              Type           Power        Failure   Level  Hunger
a - Flame Tongue          Conj/Fire      #....        14%         1    ##.....
b - Throw Flame           Conj/Fire      #.....       21%         2    ###....


Dungeon Overview and Level Annotations

Branches:
Dungeon (2/15)

Altars:

Annotations:
D:2 Terence


Innate Abilities, Weirdness & Mutations

Your plain brown scales are hard (AC +5).
Your body does not fit into most forms of armour.
You are cold-blooded and may be slowed by cold attacks.


Message History

Terence barely misses you.
You closely miss Terence. You tail-slap Terence.
Terence is moderately wounded.
Terence misses you.
You barely miss Terence.
Terence is moderately wounded.
You feel sick. Terence misses you.
You hit Terence but do no damage.
You tail-slap Terence, but do no damage.
Terence is moderately wounded.
Terence hits you with a flail of draining!
You feel drained.
* * * LOW HITPOINT WARNING * * *
You barely miss Terence. You tail-slap Terence.
Terence is heavily wounded.
Terence hits you but does no damage.
You feel drained.
Terence hits you with a flail of draining!
* * * LOW HITPOINT WARNING * * *
You feel drained.
You die...

#+## ##...##
##.....## ##.
##.......##
#.(..###.........#
......@@.........+
.....###.........#
.#. . ##.......#
..###.....##
#..###...##
#..###'## #..##.##
##.....#
+#...#..##########


You could see Terence.

Vanquished Creatures
  An adder (D:2)
  4 goblins (D:1)
  5 hobgoblins
  10 bats
  A giant newt (D:1)
  6 rats (D:1)
27 creatures vanquished.

Notes
Turn   | Place    | Note
--------------------------------------------------------------
     0 | D:1      | Pandaemon the Draconian Fire Elementalist began the quest for the Orb.
     0 | D:1      | Reached XP level 1. HP: 14/14 MP: 3/3
   133 | D:1      | Reached XP level 2. HP: 20/20 MP: 0/5
   263 | D:1      | Learned a level 2 spell: Throw Flame
  1357 | D:2      | Noticed Terence
  1362 | D:2      | Reached XP level 3. HP: 18/27 MP: 0/6
  1368 | D:2      | HP: 1/27 [Terence/flail of draining (7)]
  1368 | D:2      | Slain by Terence

Vault maps used:
D:1:      minmay_arrival_four_loops, minivault_5
D:2:      nicolae_overflow_hidden_temple, lemuel_crystal_altar,
          nemelex_diamond_rough_becter, uniq_terence, uniq_jessica

Action                   || total
-------------------------++-------
Melee: Unarmed           ||    15
       Mace              ||    28
Throw: Stone             ||     3
 Cast: Flame Tongue      ||    21
       Throw Flame       ||     5
  Use: Potion            ||     2
       Scroll            ||     4
  Eat: Bread ration      ||     1
